 Dungeon Crawl Stone Soup version 0.28.0 (webtiles) character file.

Game seed: 14880112461799029703

133 multipassport the Skirmisher (level 4, -4/36 HPs)
             Began as a Demonspawn Abyssal Knight on Feb 9, 2022.
             Was a Follower of Lugonu.
             Slain by an orc (6 damage)
             ... on level 4 of the Dungeon.
             The game lasted 00:07:42 (4353 turns).

multipassport the Skirmisher (DsAK)                 Turns: 4353, Time: 00:07:43

Health: -4/36      AC:  5    Str: 16    XL:     4   Next: 93%
Magic:  6/6        EV: 11    Int: 13    God:    Lugonu [*.....]
Gold:   140        SH:  0    Dex: 13    Spells: 3/3 levels left

rFire   . . .      SeeInvis +   h - +8 quarterstaff of Discord {venom, rCorr Int+2 SInv}
rCold   . . .      Faith    .   (shield currently unavailable)
rNeg    . . .      Spirit   .   d - +0 ring mail
rPois   .          Reflect  .   (helmet restricted)
rElec   .          Harm     .   (no cloak)
rCorr   +          Rampage  .   (no gloves)
Will    +....                   (no boots)
Stlth   +.........              (no amulet)
HPRegen 0.12/turn               j - ring of see invisible
MPRegen 0.10/turn               o - ring of willpower

@: no status effects
A: horns 1, demonic touch 1
a: Renounce Religion, Depart the Abyss


You were on level 4 of the Dungeon.
You worshipped Lugonu.
Lugonu was aware of your devotion.
You visited 1 branch of the dungeon, and saw 4 of its levels.
You visited the Abyss 1 time.

You collected 140 gold pieces.

Inventory:

Hand Weapons
 a - a +1 falchion
 h - the +8 quarterstaff of Discord (weapon) {venom, rCorr Int+2 SInv}
   (You found it on level 4 of the Dungeon)

   It poisons the flesh of those it strikes.
   Int:       It affects your intelligence (+2).
   SInv:      It lets you see invisible.
   rCorr:     It protects you from acid and corrosion.
Armour
 d - a +0 ring mail (worn)
Magical Staves
 f - a staff of fire
Jewellery
 j - a ring of see invisible (left hand)
 o - a ring of willpower (right hand)
Scrolls
 b - a scroll of torment
 e - a scroll of teleportation
 g - a scroll of blinking
 k - 3 scrolls of identify
Potions
 c - a potion of berserk rage
 i - a potion of heal wounds {unknown}
 l - a potion of curing {unknown}
 n - 2 potions of brilliance {unknown}
 p - a potion of lignification {unknown}
 q - a potion of might {unknown}


   Skills:
 + Level 3.6 Fighting
 - Level 2.5 Long Blades
 + Level 0.0 Staves
 + Level 2.6 Armour
 + Level 2.0 Dodging
 + Level 3.6 Invocations


You had 3 spell levels left.
You didn't know any spells.
Your spell library was empty.

Dungeon Overview and Level Annotations

Branches:
Dungeon (4/15)             Temple (0/1) D:4

Altars:
Ru
Beogh

Shops:
D:4 *

Annotations:
D:3 3 runed translucent doors, kwass's ghost, amateur GnFE


Innate Abilities, Weirdness & Mutations

You have a pair of small horns on your head.
Your touch may inflict minor irresistible damage on your foes.


Message History

An ogre comes into view. It is wielding a +0 giant club.
An ogre is nearby!
Found a stone staircase leading up.
An orc comes into view. It is wielding a +0 trident.
An orc is nearby!
An orc wizard comes into view. It is wielding a +0 dagger.
The orc wizard shouts!
You hear a shout!
An orc comes into view. It is wielding a +0 flail.
The orc hits you with a +0 trident.
You closely miss the orc.
An orc comes into view. It is wielding a +0 hand axe.
The orc barely misses you.
The orc shouts!
You hit the orc.
The orc is poisoned.
Your headbutt misses the orc.
The orc is severely wounded.
You kill the orc!
Lugonu accepts your kill.
You closely miss the orc wizard. You headbutt the orc wizard.
The orc wizard is lightly wounded.
The orc wizard hits you with a +0 dagger.
You barely miss the orc wizard.
The orc wizard is lightly wounded.
The orc wizard closely misses you. The orc hits you with a +0 flail!
The orc barely misses you.
You barely miss the orc wizard.
The orc wizard is lightly wounded.
The orc wizard points at you and mumbles some strange words.
The magic dart hits you. The orc misses you. The orc barely misses you.
The orc wizard hits you with a +0 dagger.
The orc hits you with a +0 flail.
* * * LOW HITPOINT WARNING * * *
You sock the orc wizard!
The orc wizard is poisoned.
The orc wizard is almost dead.
The orc hits you with a +0 flail.
* * * LOW HITPOINT WARNING * * *
The orc hits you but does no damage.
The orc wizard hits you with a +0 dagger.
* * * LOW HITPOINT WARNING * * *
The orc hits you with a +0 flail.
You die...

##....# #.#. #..
#.....###..## ##..
#......###..### ##...
##.......###...####)...
##........#####.........
##..........## #.####....
.............###.###.....
#....o......##.........
#....o@..##...###......
#....o...###...#.......
#........# ##..........
#..........# ###........
#....<.....# #.......
##........## #......
#........# #.....
##......## ##.... ##.....


You could see an orc wizard (very poisoned) and 2 orcs.

Vanquished Creatures
  An orc priest (D:4)
  A killer bee zombie (D:4)
  A hound skeleton (D:4)
  An adder (D:2)
  A worm (D:2)
  6 orcs
  3 ball pythons
  6 bats
  5 endoplasms
  3 giant cockroaches
  3 goblins
  8 hobgoblins
  6 kobolds
  A frilled lizard (D:1)
  A quokka skeleton (D:4)
  A rat (D:1)
48 creatures vanquished.

Vanquished Creatures (others)
  13 plants
13 creatures vanquished.

Grand Total: 61 creatures vanquished

Notes
Turn   | Place    | Note
-------+----------+-------------------------------------------
     0 | Abyss:1  | multipassport the Demonspawn Abyssal Knight began the quest
                  | for the Orb.
     0 | Abyss:1  | Reached XP level 1. HP: 18/18 MP: 2/2
    22 | Abyss:1  | Found a corrupted altar of Lugonu.
    23 | Abyss:1  | Found a shimmering altar of Xom.
    37 | Abyss:1  | Noticed a rakshasa
    73 | Abyss:1  | Noticed a small abomination
    99 | D:1      | Escaped the Abyss
   250 | D:1      | Reached skill level 1 in Dodging
   355 | D:1      | Found a faded altar of an unknown god.
   604 | D:1      | Discovered your monstrous ancestry.
   604 | D:1      | Gained mutation: You have a pair of small horns on your
                  | head. [demonic ancestry]
   604 | D:1      | Reached XP level 2. HP: 24/24 MP: 4/4
   721 | D:1      | Reached * piety under Lugonu
  1814 | D:2      | Reached XP level 3. HP: 29/29 MP: 5/5
  3026 | D:3      | Noticed kwass's ghost (amateur GnFE)
  3027 | D:3      | Identified the +7 hunting sling "Ycwaqobu" {vorpal, Int+3
                  | Stlth+}
  3028 | D:3      | Found a runed translucent gate.
  3030 | D:3      | Found a runed translucent gate.
  3031 | D:3      | Found a runed translucent gate.
  3426 | D:3      | Found a sacrificial altar of Ru.
  3534 | D:4      | Gained mutation: Your touch may inflict minor irresistible
                  | damage on your foes. [demonic ancestry]
  3534 | D:4      | Reached XP level 4. HP: 28/35 MP: 6/6
  4026 | D:4      | Found Gyggimir's Assorted Antiques.
  4130 | D:4      | Found a staircase to the Ecumenical Temple.
  4209 | D:4      | Identified the +8 quarterstaff of Discord {venom, rCorr
                  | Int+2 SInv}
  4330 | D:4      | Noticed an ogre
  4353 | D:4      | Slain by an orc

Illustrated notes

Levels and vault maps discovered:
D:1:      zaba_arrival_water, layout_loops_corners,
          shapermc_ecumenical_altar_ellora, serial_bayou, serial_bayou_pond_c,
          serial_bayou_lake_a, serial_bayou_crossing, serial_bayou_pond_b,
          serial_bayou_pond_a, serial_bayou_lagoon_a
D:2:      layout_basic, serial_bayou_lagoon_b
D:3:      layout_loops_corners, mainiacjoe_overflow_alcove_2,
          biasface_ghost_orc_armoury
D:4:      layout_cave_pods, lemuel_tele_altar, minmay_temple_entry_glass,
          serial_shops, nicolae_shop_trees, minmay_manual_moon

Skill      XL: |  1  2  3  4 |
---------------+-------------+-----
Dodging        | 1 2 |  2.0
Long Blades    | 2 |  2.5
Armour         | 2 |  2.6
Invocations    | 3 |  3.6
Fighting       | |  3.6

Action                   |  1- 3 |  4- 6 || total
-------------------------+-------+-------++-------
Melee: Falchion          |    96 |    19 ||   115
       Headbutt          |    10 |     4 ||    14
       Punch             |     1 |       ||     1
       Quarterstaff      |       |     7 ||     7
       Touch             |       |     5 ||     5
Invok: Depart the Abyss  |     1 |       ||     1
  Use: Scroll            |       |     6 ||     6
Armor: Leather armour    |     5 |       ||     5
       Ring mail         |    29 |     4 ||    33
Dodge: Dodged            |    45 |    17 ||    62
